 Dungeon Crawl Stone Soup version 0.30.0-29-ga12c61a403 (webtiles) character file.

Game seed: 568957872393474862

37041 Peloso the Fencer (level 13, -7/122 HPs)
             Began as a Minotaur Fighter on June 24, 2023.
             Was an Elder of Okawaru.
             Mangled by a meliai
             ... wielding a +2 hand axe of electrocution
              (19 damage)
             ... on level 15 of the Dungeon.
             The game lasted 00:32:38 (19576 turns).

Peloso the Fencer (Minotaur Fighter)               Turns: 19576, Time: 00:32:40

Health: -7/122     AC: 18    Str: 22    XL:     13   Next: 56%
Magic:  14/14      EV:  9    Int:  5    God:    Okawaru [****..]
Gold:   1116       SH:  8    Dex: 20    Spells: 12/12 levels left

rFire   . . .        b - +4 scimitar (flame)
rCold   + . .        d - +0 buckler
rNeg    . . .        O - +0 plate armour {rC+}
rPois   .            (helmet restricted)
rElec   .            l - +0 cloak
rCorr   .            (no gloves)
SInv    +            (no boots)
Will    .....        (no amulet) Stlth
                     j - +6 ring of dexterity
HPRegen 0.40/turn    e - ring of see invisible
MPRegen 0.14/turn

%: no passive effects
@: no status effects
A: horns 2, retaliatory headbutt
a: Renounce Religion, Heroism, Finesse


You were on level 15 of the Dungeon.
You worshipped Okawaru.
Okawaru was greatly pleased with you.
You visited 4 branches of the dungeon, and saw 21 of its levels.

You collected 1116 gold pieces.

Inventory:

Hand Weapons
 a - a +5 scimitar
 b - a +4 scimitar of flaming (weapon)
 c - the +2 short sword "Hiliaruih" {antimagic, rElec rPois rF- SInv}
   (You found it on level 4 of the Dungeon)

   rF:        It makes you vulnerable to fire.
   rElec:     It insulates you from electricity.
   rPois:     It protects you from poison.
   SInv:      It lets you see invisible.
Armour
 d - a +0 buckler (worn)
 l - a +0 cloak (worn)
 G - +0 swamp dragon scales
 O - a +0 plate armour of cold resistance (worn)
Jewellery
 e - a ring of see invisible (right hand)
 j - a +6 ring of dexterity (left hand)
 r - a ring of protection from cold
 s - a +5 ring of evasion
 v - a +6 ring of intelligence
 y - a +6 ring of dexterity
 M - an amulet of guardian spirit
 N - a ring of wizardry
Wands
 z - a wand of polymorph (5)
 C - a wand of paralysis (14)
Scrolls
 f - 2 scrolls of magic mapping
 h - 3 scrolls of fog
 i - 2 scrolls of poison
 k - a scroll of enchant armour
 m - 4 scrolls of immolation
 n - 5 scrolls of teleportation
 o - a scroll of silence
 u - 5 scrolls of enchant weapon
 D - a scroll of amnesia {unknown}
 E - 2 scrolls of noise {unknown}
 I - a scroll of blinking {unknown}
 J - 2 scrolls of brand weapon {unknown}
Potions
 g - 5 potions of mutation
 p - 3 potions of brilliance {unknown}
 q - a potion of heal wounds
 t - a potion of flight {unknown}
 x - a potion of might
 A - 2 potions of cancellation {unknown}
 F - a potion of magic {unknown}
 H - 4 potions of curing
 L - a potion of berserk rage {unknown}
Miscellaneous
 K - a box of beasts


   Skills:
 + Level 13.4 Fighting
 + Level 15.5 Long Blades
 + Level 14.9 Armour
 + Level 4.2 Dodging
 + Level 2.9 Stealth
 + Level 11.7 Shields
 + Level 3.5 Invocations


You had 12 spell levels left.
You didn't know any spells.
Your spell library contained the following spells:

 Spells                   Type           Power      Damage    Failure   Level
 Beastly Appendage        Tmut           0%         N/A       99%         1
 Necrotise                Necr           0%         1d4       99%         1
 Lesser Beckoning         Tloc           0%         N/A       100%        2
 Wereblood                Tmut           0%         N/A       100%        2
 Gell's Gravitas          Tloc           0%         N/A       100%        3
 Spider Form              Tmut/Pois      0%         N/A       100%        3
 Teleport Other           Tloc           0%         N/A       100%        3
 Vampiric Draining        Necr           0%         2d6       100%        3
 Vhi's Electric Charge    Tloc/Air       0%         N/A       100%        3
 Agony                    Necr           0%         N/A       100%        5
 Arcjolt                  Conj/Air       0%         1d10      100%        5
 Blade Hands              Tmut           0%         N/A       100%        5
 Irradiate                Conj/Tmut      0%         3d11      100%        5
 Plasma Beam              Fire/Air       0%         2x1d11    100%        6
 Dragon Form              Tmut           0%         N/A       100%        7


Dungeon Overview and Level Annotations

Branches:
Dungeon (12/15)            Temple (1/1) D:6            Lair (5/5) D:10
 Shoals (0/4) Lair:2        Snake (0/4) Lair:3        Slime (0/5) Lair:4
    Orc (2/2) D:9
    Elf: Orc:2

Altars:
Ashenzari
Cheibriados
Dithmenos
Fedhas
Kikubaaqudgha
Okawaru
Qazlal
Sif Muna
Uskayaw
Vehumet
Wu Jian
Yredelemnul
Zin
The Shining One
Jiyva

Shops:
D:4 :   D:8 ((?*=

Annotations:
D:3 1 runed translucent door, Crazy Yiuf
Lair:1 3 runed translucent doors, Trobe's ghost, journeyman KoBr


Innate Abilities, Weirdness & Mutations

You have a pair of horns on your head.
You reflexively headbutt those who attack you in melee.


Message History

Things that are here:
4 large rocks; a cyclops corpse
Things that are here:
a +0 war axe; a +0 robe
Things that are here:
a +0 shortbow; a +0 war axe; a +0 leather armour The meliai buzzes angrily.
Things that are here:
a +0 war axe; a +0 robe
Things that are here:
4 large rocks; a cyclops corpse The meliai mumbles some strange prayers to its god against you.
Something smites you!
* * * LOW HITPOINT WARNING * * *
You block the meliai's attack. The meliai stings you.
* * * LOW HITPOINT WARNING * * *
The meliai hits you with a +2 hand axe of electrocution.
* * * LOW HITPOINT WARNING * * *
The meliai stings you but does no damage.
You closely miss the meliai.
The meliai hits you with a +2 hand axe of electrocution.
* * * LOW HITPOINT WARNING * * *
The meliai stings you.
* * * LOW HITPOINT WARNING * * *
The meliai hits you but does no damage. The meliai misses you.
You barely miss the meliai. Your headbutt misses the meliai.
The meliai hits you but does no damage.
The meliai stings you but does no damage.
You hit the meliai. You burn the meliai.
You headbutt the meliai, but do no damage.
The meliai is lightly wounded.
The meliai hits you but does no damage. The meliai completely misses you.
You hit the meliai. You burn the meliai.
You headbutt the meliai, but do no damage.
The meliai is moderately wounded.
The meliai hits you but does no damage.
You are electrocuted!
* * * LOW HITPOINT WARNING * * *
You block the meliai's attack. The meliai hits you but does no damage.
You are electrocuted!!
You die...

..#.##.####.....
#......#.......
###......#.......
...................
..c................
.........).........
..#.....#..........
........#..##....#
...#...##@###...#
## ##.. #y##.#..###
### #.).......#
###........
#.........
...........
#...........
##..........
#.........#


You could see a meliai.

Vanquished Creatures
  A sphinx (D:12)
  Snorg (Lair:4)
  An ogre mage (D:12)
  2 centaur warriors
  A two-headed ogre (D:11)
  3 boulder beetles
  Urug (Lair:4)
  Amaemon (D:8)
  2 skysharks
  A lindwurm (Lair:4)
  2 harpies (Lair:2)
  A phantasmal warrior (D:12)
  A deep elf pyromancer (D:12)
  An ugly thing (D:12)
  An orc knight (D:12)
  An oklob plant (Lair:4)
  3 cyclopes
  A manticore (D:12)
  Joseph (D:8)
  3 black mambas
  An orange demon (D:9)
  A guardian serpent (Lair:3)
  3 cane toads
  Maggie (D:8)
  An efreet (D:15)
  A kobold demonologist (D:10)
  Psyche (D:7)
  5 komodo dragons
  A rime drake (Lair:2)
  A troll (D:10)
  2 meliai (D:15)
  A polar bear (Lair:5)
  Prince Ribbit (D:7)
  29 blink frogs
  3 slime creatures (D:12)
  2 wyverns
  27 yaks
  2 vampire mosquitoes (D:12)
  2 steam dragons
  4 basilisks
  3 wargs (Orc:1)
  2 acid dragons
  14 water moccasins
  5 orc warriors
  2 black bears (D:10)
  A sky beast (D:7)
  2 ice beasts
  3 ogres
  8 wolves
  3 centaurs
  2 kobold brigands
  12 bullfrogs
  A gnoll sergeant (D:7)
  3 scorpions
  3 wights (D:8)
  7 killer bees
  2 howler monkeys
  4 hounds
  2 jellies (D:6)
  A sleepcap (D:4)
  7 orc priests
  A gnoll bouda (D:3)
  An iguana (D:5)
  9 orc wizards
  8 gnolls
  9 adders
  2 shadow imps (D:6)
  A white imp (D:8)
  3 ufetubi (D:4)
  2 worms
  3 dart slugs
  41 orcs
  6 endoplasms
  4 giant cockroaches
  7 goblins
  6 hobgoblins
  7 jackals
  2 quokkas (D:3)
  6 ball pythons
  6 bats
  5 frilled lizards
  20 kobolds
  4 rats
358 creatures vanquished.

Notes
Turn   | Place    | Note
-------+----------+-------------------------------------------
     0 | D:1      | Peloso the Minotaur Fighter began the quest for the Orb.
     0 | D:1      | Reached XP level 1. HP: 19/19 MP: 0/0
    92 | D:1      | Reached XP level 2. HP: 24/27 MP: 1/1
   165 | D:1      | Reached skill level 3 in Long Blades
   951 | D:2      | Reached XP level 3. HP: 33/33 MP: 2/2
   992 | D:2      | Found a faded altar of an unknown god.
  1895 | D:3      | Reached XP level 4. HP: 39/40 MP: 3/3
  2007 | D:3      | Reached skill level 4 in Long Blades
  2025 | D:3      | Reached XP level 5. HP: 24/46 MP: 4/4
  2285 | D:3      | Found a runed translucent door.
  2286 | D:3      | Noticed Crazy Yiuf
  2458 | D:4      | Reached skill level 5 in Armour
  2478 | D:4      | Reached skill level 1 in Dodging
  2505 | D:4      | Identified the +2 robe "Dumiklikk" {Dex+5 Stlth+}
  2507 | D:4      | Reached skill level 5 in Long Blades
  2507 | D:4      | Reached XP level 6. HP: 53/53 MP: 5/5
  2644 | D:4      | Identified the +2 short sword "Hiliaruih" {antimagic, rElec
                  | rPois rF- SInv}
  2889 | D:4      | Reached skill level 5 in Fighting
  3089 | D:4      | Found Gautae's Book Emporium.
  3315 | D:5      | Entered Level 5 of the Dungeon
  3346 | D:4      | Reached XP level 7. HP: 51/61 MP: 6/6
  3419 | D:5      | Reached skill level 6 in Long Blades
  4297 | D:5      | Reached skill level 1 in Stealth
  4570 | D:5      | Noticed a yak
  4608 | D:5      | Killed a yak
  4609 | D:5      | Reached skill level 7 in Long Blades
  4609 | D:5      | Reached skill level 5 in Shields
  4609 | D:5      | Reached XP level 8. HP: 48/70 MP: 7/7
  4777 | D:5      | Reached skill level 8 in Long Blades
  5229 | D:6      | Found a staircase to the Ecumenical Temple.
  5237 | Temple   | Entered the Ecumenical Temple
  5250 | Temple   | Reached XP level 9. HP: 53/79 MP: 8/8
  5494 | Temple   | Became a worshipper of Warmaster Okawaru
  5844 | D:6      | Reached skill level 9 in Long Blades
  6139 | D:6      | Found a stormy altar of Qazlal.
  6142 | D:6      | Found a radiant altar of Vehumet.
  6626 | D:7      | Found a glowing golden altar of the Shining One.
  6628 | D:7      | Noticed an angel
  6647 | D:7      | Found a basalt altar of Yredelemnul.
  6649 | D:7      | Noticed a profane servitor
  7048 | D:8      | Noticed Maggie
  7048 | D:8      | Noticed Prince Ribbit
  7092 | D:8      | Noticed Psyche
  7211 | D:7      | Killed Psyche
  7212 | D:7      | Killed Prince Ribbit
  7213 | D:7      | Reached skill level 10 in Long Blades
  7218 | D:7      | Reached * piety under Okawaru
  7541 | D:8      | Killed Maggie
  7614 | D:8      | Found Tujairesu's Fire Supplies.
  7673 | D:8      | Noticed Amaemon
  7676 | D:8      | Noticed an orange demon
  7697 | D:8      | Killed Amaemon
  7698 | D:8      | Reached skill level 10 in Armour
  7698 | D:8      | Reached XP level 10. HP: 21/90 MP: 6/9
  7958 | D:9      | Killed an orange demon
  8014 | D:9      | Reached skill level 11 in Long Blades
  8154 | D:8      | Reached ** piety under Okawaru
  8277 | D:8      | Found Ycaqeor's Magic Scroll Shoppe.
  8482 | D:8      | Found Xetookal's Antique Weapon Emporium.
  8488 | D:8      | Noticed Joseph
  8503 | D:8      | Killed Joseph
  8697 | D:8      | Found Dathon's Antique Weapon Shoppe.
  9028 | D:8      | Found Ephoehenna's Jewellery Shop.
  9241 | D:9      | Found a staircase to the Orcish Mines.
  9809 | D:10     | Entered Level 10 of the Dungeon
 10032 | D:10     | Reached *** piety under Okawaru
 10344 | D:10     | Reached skill level 12 in Long Blades
 10414 | D:10     | Reached skill level 1 in Invocations
 10445 | D:10     | Reached XP level 11. HP: 77/97 MP: 10/10
 10599 | D:10     | Found a staircase to the Lair.
 10833 | D:11     | Noticed a boulder beetle
 10866 | D:11     | Killed a boulder beetle
 11398 | D:11     | Noticed a two-headed ogre
 11405 | D:11     | Killed a two-headed ogre
 11896 | Lair:1   | Entered Level 1 of the Lair of Beasts
 11961 | Lair:1   | Reached **** piety under Okawaru
 12448 | Lair:1   | Reached skill level 13 in Long Blades
 12665 | Lair:1   | Found a runed translucent gate.
 12666 | Lair:1   | Found a runed translucent gate.
 12667 | Lair:1   | Found a runed translucent gate.
 12695 | Lair:1   | Noticed Trobe's ghost (journeyman KoBr)
 12700 | Lair:1   | Noticed an ice dragon
 12829 | Lair:1   | Reached skill level 10 in Fighting
 12984 | Lair:1   | Reached ***** piety under Okawaru
 13391 | Lair:2   | Found a staircase to the Shoals.
 13391 | Lair:2   | Noticed a harpy
 13391 | Lair:2   | Noticed a harpy
 13399 | Lair:2   | Killed a harpy
 13409 | Lair:2   | Killed a harpy
 13492 | Lair:2   | Found a broken altar of Ashenzari.
 13541 | Lair:2   | Reached skill level 10 in Shields
 13635 | Lair:2   | Reached XP level 12. HP: 98/108 MP: 11/13
 14119 | Lair:2   | Reached skill level 14 in Long Blades
 14515 | Lair:3   | Noticed a boulder beetle
 14531 | Lair:3   | Killed a boulder beetle
 15165 | Lair:3   | Received a gift from Okawaru
 15275 | Lair:3   | Identified the +0 scale mail "Saofyes" {Fly Regen+ Dex+4
                  | Slay-3}
 15302 | Lair:3   | Found a staircase to the Snake Pit.
 16200 | D:12     | Noticed a boulder beetle
 16232 | D:12     | Killed a boulder beetle
 16780 | D:12     | Noticed an ogre mage
 16780 | D:12     | Noticed a centaur warrior
 16787 | D:12     | Noticed a sphinx
 16787 | D:12     | Paralysed by an ogre mage for 3 turns
 16793 | D:12     | Killed an ogre mage
 16793 | D:12     | Identified the +2 hat "Feplaup" {-Tele Int+3 Stlth+}
                  | (Okawaru gifted it to you on level 12 of the Dungeon)
 16793 | D:12     | Received a gift from Okawaru
 16799 | D:12     | Reached XP level 13. HP: 101/119 MP: 12/14
 16802 | D:12     | Reached skill level 15 in Long Blades
 16810 | D:12     | Killed a sphinx
 16817 | D:12     | Noticed an ettin
 17186 | Orc:1    | Entered Level 1 of the Orcish Mines
 17327 | Orc:2    | Entered Level 2 of the Orcish Mines
 17347 | Orc:2    | Noticed an ettin
 17890 | Lair:4   | Noticed Urug
 17914 | Lair:4   | Killed Urug
 18220 | Lair:4   | Found a staircase to the Slime Pits.
 18220 | Lair:4   | Found a viscous altar of Jiyva.
 18427 | Lair:4   | Noticed Snorg
 18442 | Lair:4   | Killed Snorg
 18898 | Lair:5   | Entered Level 5 of the Lair of Beasts
 19509 | D:12     | You fall into a shaft and drop 3 floors!
 19509 | D:15     | Entered Level 15 of the Dungeon
 19576 | D:15     | Mangled by a meliai

Illustrated notes

Levels and vault maps discovered:
D:1:      dpeg_arrival_orchard, layout_basic, grunt_decor_fettered
D:2:      layout_rooms, ebering_ecumenical_altar_rust, grunt_decor_one_mirror
D:3:      layout_loops_ring, st_stairs_3, nicolae_grassy_gnolls,
          uniq_crazy_yiuf_cottage
D:4:      layout_basic, serial_shops, shop
D:5:      layout_basic
D:6:      layout_loops_cross, minitemple, minmay_temple_entry_grid
D:7:      layout_cave_pools, grunt_temple_overflow_holy_war,
          dreamdust_mushroom_princess, hellmonk_bongcloud_opening
D:8:      layout_rooms, serial_shops, shop, shop, shop,
          nicolae_shop_just_a_little_nook, amcnicky_mini_rare_corridor_liquid,
          kennysheep_cluttered_room, chequers_arboretum, nicolae_shop_fire_sale
          [nicolae_sub_dead_trees], uniq_joseph, uniq_amaemon, uniq_maggie,
          uniq_psyche, uniq_prince_ribbit1
D:9:      layout_basic, chequers_serial_rivers_room_b
D:10:     layout_basic, grunt_lair_entry_orc_guard_hut
D:11:     layout_loops_corners
D:12:     minmay_octo_star, layout_cross
D:15:     grunt_enter_depths_snipers, layout_cave_pools,
          hellmonk_guarded_unrand_gyre_and_gimble, uniq_nessos, uniq_agnes
Temple:   eino_narrow_crystal_temple
Lair:1:   layout_loops_ring, gammafunk_ghost_icy, beast_lair_carwin_2
Lair:2:   layout_chaotic_city, nicolae_shoals_entry_roost, basic_altar,
          lemuel_fruit_fields
Lair:3:   layout_small_grid, minmay_snake_entry_spellcaster,
          nzn_sisyphean_effort
Lair:4:   layout_roguey, slime_entry_1, pdpol_lair_neglected_garden, uniq_urug,
          uniq_snorg
Lair:5:   due_jungle_book, layout_regular_city, gammafunk_ghost_grave
Orc:1:    layout_diamond_mine, minmay_orc_temple_b
Orc:2:    st_orc_town, layout_caves, uniq_sonja

Skill      XL: |  1  2  3  4  5  6  7  8  9 10 11 12 13 |
---------------+----------------------------------------+-----
Long Blades    | 3 4 5 7 8 10 12 13 14 15 | 15.5
Armour         | 4 5 6 7 8 10 11 12 13 14 | 14.9
Shields        | 4 5 7 8 10 11 | 11.7
Fighting       | 4 5 6 7 8 9 10 12 13 | 13.4
Dodging        | 1 2 3 4 |  4.2
Stealth        | 1 2 |  2.9
Invocations    | 1 2 3 |  3.5

Action                     |  1- 3 |  4- 6 |  7- 9 | 10-12 | 13-15 || total
---------------------------+-------+-------+-------+-------+-------++-------
  Melee: Long sword        |   100 |    91 |   296 |    74 |       ||   561
         Headbutt          |    12 |    23 |    63 |   158 |    51 ||   307
         Scimitar          |       |       |       |   545 |   188 ||   733
 Invoke: Heroism           |       |       |     3 |    20 |     8 ||    31
    Use: Scroll            |     5 |     1 |     4 |     5 |     2 ||    17
         Potion            |     3 |       |     5 |     4 |     6 ||    18
 Armour: Scale mail        |    59 |    51 |       |       |       ||   110
         Chain mail        |       |       |   182 |    41 |       ||   223
         Plate armour      |       |       |       |   197 |    97 ||   294
  Dodge: Dodged            |    57 |    49 |   162 |   209 |    81 ||   558
  Block: Buckler           |    21 |    33 |   116 |   197 |    94 ||   461
